 Dungeon Crawl Stone Soup version 0.24.0-125-gc4c63601f3 (webtiles) character file.

Game seed: 17005401247255812464, levelgen mode: deterministic

133 mortelune the Firebug (level 4, -3/21 HPs)
             Began as a Deep Elf Fire Elementalist on Feb 22, 2020.
             Shot with an arrow by a centaur (15 damage)
             ... on level 3 of the Dungeon.
             The game lasted 00:04:44 (3134 turns).

mortelune the Firebug (Deep Elf Fire Elementalist)  Turns: 3134, Time: 00:04:45

Health: -3/21      AC:  2    Str:  8    XL:     4   Next: 94%
Magic:  8/11       EV: 13    Int: 21    God:
Gold:   85         SH:  0    Dex: 15    Spells: 4/10 levels left

rFire    . . .     SeeInvis .   d - +0 spear
rCold    . . .     Gourm    .   (no shield)
rNeg     . . .     Faith    .   a - +0 robe
rPois    .         Spirit   .   (helmet restricted)
rElec    .         Reflect  .   (no cloak)
rCorr    .         Harm     .   (no gloves)
MR       .....                  (no boots)
Stlth    ++........             (no amulet)
HPRegen  0.07/turn              g - +3 ring of strength
MPRegen  0.12/turn              (no ring)

@: no status effects
A: horns 1, frail 1, sturdy frame 1
a: no special abilities


You were on level 3 of the Dungeon.
You were not hungry.

You visited 1 branch of the dungeon, and saw 3 of its levels.

You collected 85 gold pieces.

Inventory:

Hand Weapons
 d - a +0 spear (weapon)
Armour
 a - a +0 robe (worn)
Jewellery
 g - a +3 ring of strength (left hand)
Scrolls
 e - 2 scrolls of identify
Potions
 h - a potion of resistance {unknown}
 i - a potion of experience {unknown}
 j - a potion of agility {unknown}
Comestibles
 b - a chunk of flesh
 c - 4 rations


   Skills:
 + Level 3.3 Dodging
 - Level 2.4 Stealth
 + Level 3.8 Spellcasting
 * Level 3.2 Conjurations
 * Level 4.5 Fire Magic


You had 4 spell levels left.
You knew the following spells:

 Your Spells              Type           Power        Failure   Level  Hunger
a - Flame Tongue          Conj/Fire      ###..        2%          1    None
b - Throw Flame           Conj/Fire      ###...       3%          2    #......
c - Conjure Flame         Conj/Fire      ###.....     8%          3    ###....

Your spell library contained the following spells:

 Spells                   Type           Power        Failure   Level  Hunger
 Inner Flame              Hex/Fire       ##......     14%         3    ###....
 Sticky Flame             Conj/Fire      ###.....     26%         4    ####...
 Fireball                 Conj/Fire      ###.......   56%         5    ######.


Dungeon Overview and Level Annotations

Branches:
Dungeon (3/15)

Altars:
Elyvilon
Kikubaaqudgha
Xom
The Shining One


Innate Abilities, Weirdness & Mutations

You have a pair of small horns on your head.
You are frail. (-10% HP)
Your movements are slightly less encumbered by armour. (ER -2)


Message History

The puff of flame hits the centaur.
The centaur is lightly wounded.
The centaur shouts!
The centaur unwields a +0 short sword.
The centaur wields a +0 shortbow.
The centaur shoots an arrow.
The arrow hits you!
Casting: Throw Flame (safe; 3% risk of failure)
Confirm with . or Enter, or press ? or * to list all spells.
You don't know that spell.
You start resting.
The centaur is too close now for your liking.
Casting: Throw Flame (safe; 3% risk of failure)
Confirm with . or Enter, or press ? or * to list all spells.
Aiming: Flame Tongue (safe; 2% risk of failure)
Press: ? - help, Shift-Dir - straight line, f/p - centaur
Aim: a centaur, wielding a +0 shortbow (lightly wounded)
The flame tongue hits the centaur.
The centaur is moderately wounded.
The centaur shoots an arrow.
The arrow hits you!
Ouch! That really hurt!
You die...

##.#..# .c #.รท#.## #.
###.#..# #. ####.....##
#. #......### ######.
#......# .....c. #......#
.......######......#
.......(@........#.####
.......########.....).###
.<..... #.###......
######. ##.# #####.. #)
#..# ##. #) #.## ## ..
### ..


You could see a centaur.

Vanquished Creatures
  7 adders
  2 oozes
  2 dart slugs
  2 leopard geckos
  3 orcs (D:3)
  4 giant cockroaches
  5 goblins
  3 hobgoblins
  4 jackals (D:1)
  2 quokkas (D:2)
  7 bats
  6 frilled lizards
  4 kobolds
  7 rats
58 creatures vanquished.

Notes
Turn   | Place    | Note
-------+----------+-------------------------------------------
     0 | D:1      | mortelune the Deep Elf Fire Elementalist began the quest
                  | for the Orb.
     0 | D:1      | Reached XP level 1. HP: 10/10 MP: 6/6
   381 | D:1      | Reached XP level 2. HP: 15/15 MP: 5/8
   824 | D:1      | Learned a level 2 spell: Throw Flame
  1076 | D:1      | Found an iron altar of Okawaru.
  1096 | D:1      | Found a white marble altar of Elyvilon.
  1096 | D:1      | Found a shimmering altar of Xom.
  1098 | D:1      | Found a hide-covered altar of Uskayaw.
  1098 | D:1      | Found a glowing golden altar of the Shining One.
  1098 | D:1      | Found an ancient bone altar of Kikubaaqudgha.
  1208 | D:2      | Reached XP level 3. HP: 19/19 MP: 1/9
  1366 | D:2      | Learned a level 3 spell: Conjure Flame
  1812 | D:2      | Reached skill level 4 in Fire Magic
  2027 | D:2      | Reached XP level 4. HP: 24/24 MP: 3/11
  2449 | D:2      | Gained mutation: You have a pair of small horns on your
                  | head. [potion of mutation]
  2449 | D:2      | Gained mutation: You are frail. (-10% HP) [potion of
                  | mutation]
  2449 | D:2      | Gained mutation: Your movements are slightly less
                  | encumbered by armour. (ER -2) [potion of mutation]
  2880 | D:3      | Found an ancient bone altar of Kikubaaqudgha.
  3121 | D:3      | Noticed a centaur
  3134 | D:3      | Shot with an arrow by a centaur

Levels and vault maps discovered:
D:1:      dpeg_arrival_shelter, layout_loops_ring, palyth_stone_intersect,
          doesnt_xom_only_xom
D:2:      layout_basic, kennysheep_cluttered_room
D:3:      layout_rooms, kennysheep_slug_shrine, tgw_kikubaaqudgha

Skill      XL: |  1  2  3  4 |
---------------+-------------+-----
Conjurations   | 2 3 |  3.2
Dodging        | 3 |  3.3
Fire Magic     | 4 |  4.5
Stealth        | |  2.4
Spellcasting   | |  3.8

Action                   |  1- 3 |  4- 6 || total
-------------------------+-------+-------++-------
Melee: Spear             |     6 |       ||     6
 Cast: Flame Tongue      |    49 |    15 ||    64
       Throw Flame       |    18 |    30 ||    48
  Use: Scroll            |     3 |       ||     3
       Potion            |       |     1 ||     1
  Eat: Chunk             |     4 |     4 ||     8
Armor: Robe              |     8 |       ||     8
Dodge: Dodged            |    26 |     1 ||    27
